 Seeded DCSS version 0.29.1-1-gd02db6906a (webtiles) character file.

Game seed: 10364265286927963392 (custom seed)

52 lonewolfV2 the Caller (level 3, -1/14 HPs)
             Began as a Felid Summoner on Oct 17, 2022.
             Slain by a gnoll
             ... wielding a +0 spear
              (8 damage)
             ... on level 3 of the Dungeon.
             The game lasted 00:07:38 (3651 turns).

lonewolfV2 the Caller (Felid Summoner)              Turns: 3651, Time: 00:07:38

Health: -1/14      AC:  1    Str:  4    XL:     3   Next: 60%
Magic:  3/8        EV: 18    Int: 18    God:
Gold:   127        SH:  0    Dex: 16    Spells: 1/7 levels left
                                        Lives:  0   Deaths: 1

rFire   . . .      SeeInvis +   (weapon unavailable)
rCold   . . .      Faith    .   (shield unavailable)
rNeg    . . .      Spirit   .   (body armour unavailable)
rPois   .          Reflect  .   (helmet unavailable)
rElec   .          Harm     .   (cloak unavailable)
rCorr   .          Rampage  .   (gloves unavailable)
Will    .....                   (boots unavailable)
Stlth   +++.......              (no amulet)
HPRegen 0.04/turn               (no ring)
MPRegen 0.11/turn               (no ring)

@: quick
A: very small, claws 1, fangs 3, see invisible, speed 1, shaggy fur 1, stealthy
paws, no weapons or thrown items, no armour, multi-lived
a: no special abilities


You were on level 3 of the Dungeon.
You visited 1 branch of the dungeon, and saw 3 of its levels.

You collected 127 gold pieces.

Inventory:

Jewellery
 i - a ring of poison resistance
Scrolls
 b - 2 scrolls of teleportation
 c - 2 scrolls of immolation
 l - a scroll of fog {unknown}
Potions
 a - a potion of magic
 d - 3 potions of curing {unknown}
 e - 2 potions of heal wounds {unknown}
 f - 2 potions of might
 g - a potion of haste {unknown}
 h - a potion of mutation {unknown}
 j - a potion of berserk rage {unknown}
 k - a potion of attraction {unknown}


   Skills:
 + Level 3.9 Dodging
 + Level 4.0 Stealth
 + Level 2.7 Spellcasting
 + Level 4.5 Summonings


You had one spell level left.
You knew the following spells:

 Your Spells              Type           Power      Damage    Failure   Level
a - Summon Small Mammal   Summ           72%        N/A       2%          1
b - Call Imp              Summ           18%        N/A       4%          2
c - Summon Guardian Gole  Hex/Summ       10%        N/A       21%         3

Your spell library contained the following spells:

 Spells                   Type           Power      Damage    Failure   Level
 Call Canine Familiar     Summ           18%        N/A       8%          3
 Summon Lightning Spire   Summ/Air       10%        N/A       54%         4


Dungeon Overview and Level Annotations

Branches:
Dungeon (3/15)

Altars:


Innate Abilities, Weirdness & Mutations

You have sharp claws.
You have razor-sharp teeth.
You have supernaturally acute eyesight. (SInv)
You cover ground quickly. (Speed+)
You are covered in fur. (AC +1)
Your paws help you pounce on unaware monsters.
You are incapable of wielding weapons or throwing items.
You cannot wear armour.
You gain extra lives every three experience levels.


Message History

The gnoll hits your guardian golem with a +0 club.
The gnoll closely misses you.
Your crimson imp closely misses the gnoll.
The gnoll hits your guardian golem with a +0 flail.
The gnoll hits your guardian golem with a +0 club!
Your guardian golem overheats!
The gnoll hits your guardian golem but does no damage.
The gnoll hits your guardian golem with a +0 flail!
Your guardian golem disappears in a puff of smoke!
Your guardian golem explodes!
The fiery explosion engulfs the gnoll!!
The gnoll dies!
The fiery explosion engulfs the gnoll!!
The gnoll dies!
The gnoll hits you from afar with a +0 spear.
Your Stealth skill increases to level 4!
Unknown command.
Your quokka barely misses the gnoll.
Your crimson imp hits the gnoll but does no damage.
Your quokka bites the gnoll.
The gnoll closely misses you. The gnoll misses you.
Your crimson imp closely misses the gnoll.
Casting: Summon Small Mammal (safe; 2% risk of failure)
Confirm with . or Enter, or press ? or * to list all spells.
You swap places.
Your quokka closely misses the gnoll.
The gnoll hits your bat with a +0 spear!
Your bat dies!
Your bat's corpse disappears in a puff of smoke!
Your crimson imp blinks!
Casting: Summon Small Mammal (safe; 2% risk of failure)
Confirm with . or Enter, or press ? or * to list all spells.
You don't have enough magic to cast this spell.
There are monsters nearby!
Your quokka closely misses the gnoll.
An orc comes into view. It is wielding a +0 club.
The gnoll hits you from afar with a +0 spear.
The gnoll hits you from afar with a +0 spear!
Ouch! That really hurt!
You die...

#?..###### ..# ####........
#........####.######.....#...##.
#.........#.....................
#............o..................
##........................##.....
..§§☼..............## #.......#
.#§.§.>.<...........#### #......
.#.§§..................####.....#
##.........)...@................
####.....5.....)......>.........#
..............g..............##.#
#######......rg............#.##..
#...................##.##..
##.............#...........
##.....#...........##.....
#######.######.!..###.... ..#
###### #....


You could see 2 gnolls, an orc (distracted), a friendly crimson imp (summoned)
and a friendly quokka (summoned).

Vanquished Creatures
  A dart slug (D:1)
  A bat (D:3)
  2 goblins (D:1)
4 creatures vanquished.

Vanquished Creatures (collateral kills)
  3 adders (D:2)
  A dart slug (D:1)
  A ball python (D:2)
  2 bats (D:3)
  6 endoplasms
  A giant cockroach (D:1)
  5 goblins
  3 hobgoblins
  A quokka (D:1)
  2 frilled lizards (D:1)
  6 kobolds
  6 rats
37 creatures vanquished.

Vanquished Creatures (others)
  2 gnolls (D:3)
2 creatures vanquished.

Grand Total: 43 creatures vanquished

Notes
Turn   | Place    | Note
-------+----------+-------------------------------------------
     0 | D:1      | lonewolfV2 the Felid Summoner began the quest for the Orb.
     0 | D:1      | Reached XP level 1. HP: 7/7 MP: 4/4
   264 | D:1      | Reached XP level 2. HP: 10/11 MP: 4/6
   292 | D:1      | Learned a level 2 spell: Call Imp
   911 | D:1      | Reached XP level 3. HP: 6/14 MP: 2/7
  1464 | D:1      | Found a faded altar of an unknown god.
  3434 | D:3      | Reached XP level 4. HP: 18/18 MP: 2/8
  3441 | D:3      | Mangled by a gnoll
  3442 | D:3      | Reached XP level 3. HP: -8/14 MP: 3/7
  3517 | D:3      | Learned a level 3 spell: Summon Guardian Golem
  3584 | D:3      | Identified the +6 mace of the New World {drain, +Blink rN+
                  | rCorr Dex+4}
  3651 | D:3      | Slain by a gnoll

Illustrated notes

Levels and vault maps discovered:
D:1:      saegor_arrival_simple_c, layout_rooms,
          shapermc_ecumenical_altar_hornbeckon, chequers_garden
D:2:      layout_basic, solitary_fountain
D:3:      minmay_angry_zag, layout_rooms, uniq_terence

Skill      XL: |  1  2  3 |
---------------+----------+-----
Stealth        | 3 4 |  4.0
Dodging        | 3 |  3.9
Spellcasting   | |  2.7
Summonings     | |  4.5

Action                   |  1- 3 |  4- 6 || total
-------------------------+-------+-------++-------
Melee: Unarmed           |     9 |     4 ||    13
       Bite              |     2 |       ||     2
 Cast: Summon Small Mamm |    43 |       ||    43
       Call Imp          |    21 |       ||    21
       Summon Guardian G |     2 |       ||     2
  Use: Scroll            |     4 |       ||     4
Armor: Skin              |     3 |       ||     3
Dodge: Dodged            |    58 |     9 ||    67
